 Dungeon Crawl Stone Soup version 0.27.0-1-g7a089689b8 (webtiles) character file.

Game seed: 15053685423524952562

144 Sobieck the Ruffian (level 5, -7/46 HPs)
             Began as a Ghoul Monk on Aug 3, 2021.
             Mangled by Terence (11 damage)
             ... on level 3 of the Dungeon.
             The game lasted 00:05:41 (2827 turns).

Sobieck the Ruffian (Ghoul Monk)                    Turns: 2827, Time: 00:05:41

Health: -7/46      AC:  8    Str: 16    XL:     5   Next: 27%
Magic:  4/4        EV: 10    Int:  5    God:
Gold:   98         SH:  0    Dex: 11    Spells: 4/4 levels left

rFire    . . .     SeeInvis .     - Unarmed
rCold    + . .     Faith    .   (no shield)
rNeg     + + +     Spirit   .   r - +0 scale mail
rPois    ∞         Reflect  .   k - +0 helmet
rElec    .         Harm     .   i - +0 cloak
rCorr    .         Rampage  .   (no gloves)
Will     .....                  (no boots)
Stlth    ..........             (no amulet)
HPRegen  0.00/turn              (no ring)
MPRegen  0.09/turn              (no ring)

@: inhibited regen
A: claws 1, cold resistance 1, negative energy resistance 3, inhibited
regeneration, torment resistance 2
a: no special abilities


You were on level 3 of the Dungeon.
You visited 1 branch of the dungeon, and saw 3 of its levels.

You collected 98 gold pieces.


Innate Abilities, Weirdness & Mutations

You thrive by killing the living.
You are immune to poison.
You have sharp fingernails.
Your flesh is cold resistant. (rC+)
You are immune to negative energy. (rN+++)
You do not regenerate when monsters are visible.
You are immune to unholy pain and torment.


   Skills:
 - Level 4.0 Fighting
 - Level 3.0 Dodging
 - Level 2.1 Stealth
 * Level 5.7 Unarmed Combat


You had 4 spell levels left.
You didn't know any spells.
Your spell library was empty.

Inventory:

Missiles
 c - 65 stones (quivered) {throwing}
 e - 27 bolts
 f - 6 arrows
 g - 21 sling bullets
 h - 33 poisoned darts {throwing}
Armour
 a - a +0 robe
 i - a +0 cloak (worn)
   (You found it on level 1 of the Dungeon)
 k - a +0 helmet (worn)
   (You found it on level 1 of the Dungeon)
 r - a +0 scale mail (worn)
   (You took it off an orc on level 2 of the Dungeon)
 u - a +1 chain mail of positive energy
   (You took it off an orc on level 3 of the Dungeon)
Jewellery
 t - a +6 ring of dexterity
   (You found it on level 3 of the Dungeon)
Scrolls
 b - a scroll of acquirement {unknown}
 d - a scroll of fear {unknown}
 o - 3 scrolls of identify {unknown}
 s - a scroll of blinking {unknown}
Potions
 j - a potion of flight {unknown}
 l - a potion of curing {unknown}
 m - a potion of magic {unknown}
 n - a potion of mutation {unknown}
 p - a potion of heal wounds {unknown}
 q - a potion of cancellation {unknown}
 v - a potion of attraction {unknown}
 w - a potion of haste {unknown}

Dungeon Overview and Level Annotations

Branches:
Dungeon (3/15)

Altars:
Qazlal

Annotations:
D:3 1 runed translucent door, Crazy Yiuf, Terence

# #.......# #..... #.
#.......# #..... #..
#.......####.....
..#######..............<.
.....##.......#######.#
#.#.##.......# #.#
#...>#####.### ####)#
###......#.# ###.....
###@.#.#.####......#
##@#........<.#...
#.###..##.####...
##........)####...
#.......####......
#.................##...
...#.............###....
....###.........##.....
....# #.....#...#..###.


You could see Terence.


Message History

You scratch the orc priest.
You kill the orc priest!
The orc hits you but does no damage.
You have reached level 5!
You feel stronger.
You scratch the orc but do no damage. The orc closely misses you.
You scratch the orc. The orc barely misses you.
You claw the orc!
You kill the orc!
You scratch the orc. The orc hits you but does no damage.
You barely miss the orc. The orc hits you with a +0 dagger.
You claw the orc!
You kill the orc!
You feel better.
u - a +1 chain mail of positive energy
Items here: ))))) [[[ †.
You start resting.
Unknown command.
Unknown command.
Things that are here:
a +0 morningstar {mace}; a +0 ring mail
Items here: ))))) [[[ †.
v - a bubbling sapphire potion A hobgoblin comes into view.
The hobgoblin shouts!
Danger!
Found a stone staircase leading down.
The hobgoblin hits you but does no damage.
You scratch the hobgoblin.
You kill the hobgoblin!
No target in view!
Crazy Yiuf shouts!
Crazy Yiuf yells, "Mugger seventy tired!"
Crazy Yiuf says, "Lugonu!"
You see here a +0 club {mace}.
Found a stone staircase leading up.
Unknown command.
A giant cockroach comes into view.
Danger!
The giant cockroach closely misses you.
The giant cockroach completely misses you.
You claw the giant cockroach!
You kill the giant cockroach!
No target in view!
You now have 91 gold pieces (gained 9).
c - 65 stones {throwing} (gained 20)
Found a stone staircase leading down.
Unknown command.
There is a stone staircase leading down here.
You now have 98 gold pieces (gained 7).
w - a purple potion Unknown command.
Terence the Incautious comes into view.
He is wielding a +3 mace of protection and carrying a wand of flame (26).
Terence zaps a wand.
The puff of flame misses you.
Danger!
You start waiting.
Terence is nearby!
Danger!
You scratch Terence but do no damage. Terence closely misses you.
You scratch Terence.
Terence hits you with a +3 mace of protection.
You closely miss Terence.
Terence says, "Rest in peace."
Terence hits you with a +3 mace of protection!
You closely miss Terence.
Terence zaps a wand.
The puff of flame hits you.
You scratch Terence but do no damage. Terence hits you but does no damage.
You closely miss Terence.
Terence hits you with a +3 mace of protection.
You completely miss Terence. You scratch Terence but do no damage.
Terence hits you but does no damage.
Unknown command.
You claw Terence! Terence closely misses you.
You barely miss Terence.
Terence zaps a wand.
The puff of flame hits you but does no damage.
You closely miss Terence. Terence barely misses you.
You closely miss Terence.
Terence hits you with a +3 mace of protection!
* * * LOW HITPOINT WARNING * * *
You scratch Terence but do no damage. Your claw misses Terence.
Terence zaps a wand.
The puff of flame hits you.
* * * LOW HITPOINT WARNING * * *
You barely miss Terence.
Terence hits you with a +3 mace of protection.
* * * LOW HITPOINT WARNING * * *
You scratch Terence but do no damage.
Terence hits you with a +3 mace of protection.
* * * LOW HITPOINT WARNING * * *
You scratch Terence.
Terence zaps a wand.
The puff of flame hits you.
* * * LOW HITPOINT WARNING * * *
You scratch Terence but do no damage. You closely miss Terence.
Terence barely misses you.
You scratch Terence.
Terence hits you with a +3 mace of protection!
You die...

Skill      XL: |  1  2  3  4 |
---------------+-------------+-----
Dodging        | 3 |  3.0
Unarmed Combat | 4 5 |  5.7
Fighting       | 4 |  4.0
Stealth        | |  2.1

Action                   |  1- 3 |  4- 6 || total
-------------------------+-------+-------++-------
Melee: Unarmed           |   120 |    95 ||   215
       Punch             |     1 |       ||     1
 Stab: Sleeping          |     1 |     5 ||     6
Armor: Robe              |    27 |     8 ||    35
       Scale mail        |       |    20 ||    20
Dodge: Dodged            |    66 |    50 ||   116

Levels and vault maps discovered:
D:1:      dpeg_arrival_tiny_a, layout_basic
D:2:      layout_loops_cross, grunt_ministairs_14, chequers_serial_rivers_room_a
D:3:      layout_rooms, tgw_xom, nicolae_qazlal_style_of_elements,
          uniq_crazy_yiuf_cottage, uniq_terence, uniq_jessica

Notes
Turn   | Place    | Note
-------+----------+-------------------------------------------
     0 | D:1      | Sobieck the Ghoul Monk began the quest for the Orb.
     0 | D:1      | Reached XP level 1. HP: 19/19 MP: 0/0
   336 | D:1      | Reached XP level 2. HP: 26/26 MP: 1/1
   726 | D:1      | Reached skill level 3 in Dodging
   726 | D:1      | Reached skill level 4 in Unarmed Combat
   726 | D:1      | Reached XP level 3. HP: 30/31 MP: 2/2
  1373 | D:2      | HP: 4/33 [orc (6)]
  1378 | D:2      | HP: 5/33 [orc (1)]
  1380 | D:2      | HP: 2/33 [orc (3)]
  1670 | D:2      | Reached XP level 4. HP: 32/40 MP: 3/3
  1954 | D:3      | Reached skill level 4 in Fighting
  2443 | D:3      | Noticed an earth elemental
  2444 | D:3      | Found a stormy altar of Qazlal.
  2498 | D:3      | Reached skill level 5 in Unarmed Combat
  2506 | D:3      | Noticed a water elemental
  2509 | D:3      | Noticed an air elemental
  2509 | D:3      | Noticed a fire elemental
  2552 | D:3      | Reached XP level 5. HP: 30/46 MP: 4/4
  2688 | D:3      | Found a runed translucent door.
  2689 | D:3      | Noticed Crazy Yiuf
  2796 | D:3      | Noticed Terence
  2822 | D:3      | HP: 10/46 [Terence (5)]
  2824 | D:3      | HP: 4/46 [Terence/puff of flame (3)]
  2827 | D:3      | Mangled by Terence

Vanquished Creatures
  An orc priest (D:3)
  3 adders
  A dart slug (D:2)
  15 orcs
  7 bats
  4 endoplasms
  A giant cockroach (D:3)
  5 goblins
  8 hobgoblins
  2 jackals (D:1)
  3 kobolds (D:1)
  2 quokkas
  7 ball pythons
  3 frilled lizards
  4 rats
66 creatures vanquished.

Table legend:
 A = Non-vault XP
 B = Vault XP
 C = Vault XP percentage of total XP
 D = Non-vault monster count
 E = Vault monster count
 F = Vault count percentage of total count
                 A         B        C        D         E       F
            +---------+---------+-------+---------+---------+-------
      Total |     204 |       3 |   1.4 |      64 |       2 |   3.0
            +---------+---------+-------+---------+---------+-------
        D:1 |      34 |       3 |   8.1 |      22 |       2 |   8.3
        D:2 |      86 |       0 |   0.0 |      29 |       0 |   0.0
        D:3 |      84 |       0 |   0.0 |      13 |       0 |   0.0
            +---------+---------+-------+---------+---------+-------

Illustrated notes

Table legend:
 A = Kills in this place as a percentage of kills in entire the game.
 B = Kills by you in this place as a percentage of kills by you in the entire game.
 C = Kills by friends in this place as a percentage of kills by friends in the entire game.
 D = Other kills in this place as a percentage of other kills in the entire game.
 E = Experience gained in this place as a percentage of experience gained in the entire game.
 F = Experience gained in this place divided by the number of levels of this place that you have seen.
                   A       B       C       D       E      F
               +-------+-------+-------+-------+-------+----------------------
         Total | 100.0 | 100.0 |   N/A |   N/A | 100.0 |  69.0
       Dungeon | 100.0 | 100.0 |   N/A |   N/A | 100.0 |  69.0
               +-------+-------+-------+-------+-------+----------------------

Table legend: (Time is in decaauts)
 A = Elapsed time spent in this place.
 B = Non-inter-level travel time spent in this place.
 C = Inter-level travel time spent in this place.
 D = Time resting spent in this place.
 E = Time spent auto-exploring this place.
 F = Levels seen in this place.
 G = Mean time per level.
                   A        B        C        D        E       F      G
               +--------+--------+--------+--------+--------+-----+--------+
         Total |   2819 |   2771 |     48 |    813 |   1375 |   3 |  939.7 |
       Dungeon |   2819 |   2771 |     48 |    813 |   1375 |   3 |  939.7 |
               +--------+--------+--------+--------+--------+-----+--------+

Top non-repeatable levels by time:
     D:2: 1302 daAuts
     D:1: 1094 daAuts
     D:3: 421 daAuts
